 Dungeon Crawl Stone Soup version 0.22-a0-848-ge9e22a0 (webtiles) character file.

2 mhoghedin the Magician (level 1, -1/10 HPs)
             Began as a Kobold Wizard on July 26, 2018.
             Slain by a goblin (4 damage)
             ... on level 1 of the Dungeon.
             The game lasted 00:00:37 (233 turns).

mhoghedin the Magician (Kobold Wizard)               Turns: 233, Time: 00:00:38

Health: -1/10      AC:  2    Str:  4    XL:     1   Next: 33%
Magic:  4/4        EV: 15    Int: 19    God:
Gold:   0          SH:  0    Dex: 13    Spells: 5/6 levels left

rFire    . . .     SeeInvis .   e - +0 dagger
rCold    . . .     Gourm    .   (shield restricted)
rNeg     . . .     Faith    .   a - +0 robe
rPois    .         Spirit   .   b - +0 hat
rElec    .         Reflect  .   (no cloak)
rCorr    .         Harm     .   (no gloves)
MR       .....                  (no boots)
Stlth    ++........             (no amulet)
HPRegen  0.03/turn              (no ring)
MPRegen  0.09/turn              (no ring)

@: no status effects
A: small, carnivore
a: no special abilities


You were on level 1 of the Dungeon.
You were not hungry.

You visited 1 branch of the dungeon, and saw 1 of its levels.

Inventory:

Hand Weapons
 e - a +0 dagger (weapon)
   (You took it off a kobold on level 1 of the Dungeon)
Armour
 a - a +0 robe (worn)
 b - a +0 hat (worn)
Scrolls
 c - a scroll of fog {unknown}
Comestibles
 d - a ration


   Skills:
 + Level 0.2 Fighting
 + Level 2.5 Dodging
 + Level 2.8 Stealth
 - Level 3.2 Spellcasting
 - Level 1.0 Conjurations
   Level 1.0 Summonings
   Level 1.0 Translocations


You had 5 spell levels left.
You knew the following spells:

 Your Spells              Type           Power        Failure   Level  Hunger
a - Magic Dart            Conj           #...         10%         1    None

Your spell library contained the following spells:

 Spells                   Type           Power        Failure   Level  Hunger
 Conjure Flame            Conj/Fire      #.......     36%         3    ###....
 Slow                     Hex            #.......     22%         2    ##.....
 Mephitic Cloud           Conj/Pois/Air  #.......     36%         3    ###....
 Blink                    Tloc           N/A          16%         2    ##.....
 Call Imp                 Summ           #.......     16%         2    ##.....


Dungeon Overview and Level Annotations

Branches:
Dungeon (1/15)

Altars:


Innate Abilities, Weirdness & Mutations

You are small and have problems with some larger weapons.
You are carnivorous and can eat meat at any time.


Message History

Hello, welcome to Dungeon Crawl Stone Soup 0.22-a0-848-ge9e22a0! (c) Copyright 1997-2002 Linley Henzell, 2002-2018 Crawl DevTeam Read the instructions for legal details. (Options read from mhoghedin.rc.) Welcome, mhoghedin the Kobold Wizard.
Will you prevail where others failed? Will you find the Orb of Zot?
Found 25 stones.
Found a staircase leading out of the dungeon.
Found an escape hatch in the floor.
Found an escape hatch in the floor.
c - a scroll labeled BESSOBL UQUI A rat and a kobold come into view.
Aim: a kobold, wielding a dagger (resting)
The magic dart hits the kobold.
You now have 3/4 mp.
Aim: a kobold, wielding a dagger The magic dart hits the kobold.
The kobold hits you but does no damage.
You now have 2/4 mp.
Aim: a kobold, wielding a dagger The magic dart hits the kobold.
The kobold hits you with a dagger.
You take 1 damage, and have 9/10 hp.
You now have 1/4 mp.
Aim: a kobold, wielding a dagger (heavily wounded)
The magic dart hits the kobold.
The kobold closely misses you.
You now have 0/4 mp.
You closely miss the kobold. The kobold hits you but does no damage.
Health restored: 10 You hit the kobold but do no damage.
The kobold barely misses you.
You barely miss the kobold. The kobold hits you with a dagger.
You take 1 damage, and have 9/10 hp.
You hit the kobold but do no damage. The kobold barely misses you.
You closely miss the kobold. The kobold hits you with a dagger.
You take 2 damage, and have 7/10 hp.
Aim: a kobold, wielding a dagger (severely wounded)
The magic dart hits the kobold.
You kill the kobold!
You now have 0/4 mp.
You hit the rat but do no damage. The rat bites you but does no damage.
You hit the rat but do no damage. The rat bites you.
You take 2 damage, and have 5/10 hp.
You hit the rat but do no damage. The rat closely misses you.
You hit the rat but do no damage. The rat closely misses you.
You hit the rat but do no damage. The rat bites you but does no damage.
You closely miss the rat. The rat misses you.
You closely miss the rat. The rat misses you.
You hit the rat.
You kill the rat!
You can't see any susceptible monsters within range! (Use Z to cast anyway.) Unknown command.
Unknown command.
e - a dagger You see here a kobold corpse.
Wield which item (- for none, * to show all)? (? for menu, Esc to quit)
e - a +0 dagger (weapon)
You start resting.
Health restored: 10; MP restored: 4 A hobgoblin comes into view.
It is wielding a club.
A hobgoblin is nearby!
Unknown command.
The hobgoblin shouts!
You hear a shout! x2
You hit the hobgoblin but do no damage.
The hobgoblin hits you but does no damage.
Aim: a hobgoblin, wielding a club The magic dart hits the hobgoblin.
A goblin comes into view.
The hobgoblin hits you with a club.
You take 2 damage, and have 8/10 hp.
You now have 3/4 mp.
Aim: a hobgoblin, wielding a club You miscast Magic Dart.
You are very lightly contaminated with residual magic.
Sparks fly from your hands! The hobgoblin misses you.
You now have 2/4 mp.
A goblin comes into view. It is wielding a dagger.
The hobgoblin completely misses you.
You see here a kobold corpse.
A goblin comes into view. It is wielding a club.
The hobgoblin hits you with a club.
Ouch! That really hurt!
* * * LOW HITPOINT WARNING * * *
You take 6 damage, and have 2/10 hp.
MASSIVE DAMAGE!!
A goblin comes into view.
The goblin shouts!
You hear a shout!
A goblin comes into view.
Your magical contamination has completely faded away.
MP restored: 4 The goblin shouts!
The goblin hits you.
You die...

#. #. ###### ####
##+###. #....# #...
....... #....# #.>.
.......#### #....###...
..........# #..........
..........####..........
.....g.@.g..gg..........
##.....gg.####....###...
..........# #....# #...
##........####....# #...
.............#g#### ####
############.#.#
#.#g####### #
#.........#
#.#..######.#


You could see a hobgoblin and 5 goblins.

Vanquished Creatures
  A kobold (D:1)
  A rat (D:1)
2 creatures vanquished.

Notes
Turn   | Place    | Note
-------+----------+-------------------------------------------
     0 | D:1      | mhoghedin the Kobold Wizard began the quest for the Orb.
     0 | D:1      | Reached XP level 1. HP: 10/10 MP: 4/4
   228 | D:1      | HP: 2/10 [hobgoblin/club (6)]
   233 | D:1      | Slain by a goblin

Vault maps used:
D:1:      minmay_arrival_hallway

Action                   || total
-------------------------++-------
Melee: Unarmed           ||    13
       Dagger            ||     1
 Cast: Magic Dart        ||     6
Armor: Robe              ||     3
Dodge: Dodged            ||     9

Table legend:
 A = Spawn XP
 B = Non-spawn XP
 C = Spawn XP percentage of total XP
 D = Spawn monster count
 E = Non-spawn monster count
 F = Spawn count percentage of total count
 G = Total turns spent on level
                    A         B        C        D         E        F      G
               +---------+---------+-------+---------+---------+-------+---------
         Total |       0 |       3 |   0.0 |       0 |       2 |   0.0 |   233
               +---------+---------+-------+---------+---------+-------+---------
           D:1 |       0 |       3 |   0.0 |       0 |       2 |   0.0 |   233
               +---------+---------+-------+---------+---------+-------+---------

Vault maps used:
D:1:      minmay_arrival_hallway

Table legend:
 A = Turns spent in this place as a percentage of turns spent in the entire game.
 B = Non-inter-level travel turns spent in this place as a percentage of non-inter-level travel turns spent in the entire game.
 C = Inter-level travel turns spent in this place as a percentage of turns spent in this place.
 D = Turns resting spent in this place as a percentage of non-inter-level travel turns spent in this place.
 E = Turns spent auto-exploring this place as a percentage of non-inter-level travel turns spent in this place.
 F = Non-inter-level travel turns spent in this place divided by the number of levels of this place that you've seen.
                   A       B       C       D       E      F
               +-------+-------+-------+-------+-------+----------------------
         Total | 100.0 | 100.0 |   0.0 |  62.7 |  12.9 | 233.0
       Dungeon | 100.0 | 100.0 |   0.0 |  62.7 |  12.9 | 233.0
               +-------+-------+-------+-------+-------+----------------------

Table legend:
 A = Kills in this place as a percentage of kills in entire the game.
 B = Kills by you in this place as a percentage of kills by you in the entire game.
 C = Kills by friends in this place as a percentage of kills by friends in the entire game.
 D = Other kills in this place as a percentage of other kills in the entire game.
 E = Experience gained in this place as a percentage of experience gained in the entire game.
 F = Experience gained in this place divided by the number of levels of this place that you have seen.
                   A       B       C       D       E      F
               +-------+-------+-------+-------+-------+----------------------
         Total | 100.0 | 100.0 |   N/A |   N/A | 100.0 |   3.0
       Dungeon | 100.0 | 100.0 |   N/A |   N/A | 100.0 |   3.0
               +-------+-------+-------+-------+-------+----------------------
